 Dungeon Crawl Stone Soup version 0.25-a0-478-g33c61bd (webtiles) character file.

Game seed: 3081012377136462795, levelgen mode: deterministic

2 15 the Ruffian (level 1, -1/16 HPs)
             Began as a Draconian Transmuter on Feb 8, 2020.
             Slain by a hobgoblin
             ... wielding a +0 club
              (3 damage)
             ... on level 1 of the Dungeon.
             The game lasted 00:00:57 (301 turns).

15 the Ruffian (Draconian Transmuter)                Turns: 301, Time: 00:00:57

Health: -1/16      AC:  4    Str: 12    XL:     1   Next: 33%
Magic:  2/3        EV: 12    Int: 13    God:
Gold:   8          SH:  0    Dex: 11    Spells: 3/4 levels left

rFire    . . .     SeeInvis .     - Unarmed
rCold    . . .     Gourm    .   (no shield)
rNeg     . . .     Faith    .   (armour unavailable)
rPois    .         Spirit   .   (helmet restricted)
rElec    .         Reflect  .   (no cloak)
rCorr    .         Harm     .   (no gloves)
MR       .....                  (boots currently unavailable)
Stlth    +.........             (no amulet)
HPRegen  0.05/turn              (no ring)
MPRegen  0.08/turn              (no ring)

@: appendage
A: unfitting armour, talons 3, cold-blooded, AC +4
a: End Transformation


You were on level 1 of the Dungeon.
You were not hungry.
You had grown temporary talons.
You visited 1 branch of the dungeon, and saw 1 of its levels.

You collected 8 gold pieces.

Inventory:

Missiles
 a - 12 arrows
Scrolls
 d - 2 scrolls of remove curse {unknown}
Comestibles
 b - 4 chunks of flesh
 c - 5 rations


   Skills:
 + Level 1.1 Fighting
 + Level 1.8 Dodging
 + Level 3.0 Unarmed Combat
 + Level 2.0 Spellcasting
 + Level 2.0 Transmutations


You had 3 spell levels left.
You knew the following spells:

 Your Spells              Type           Power        Failure   Level  Hunger
a - Beastly Appendage     Tmut           #.....       11%         1    ##.....

Your spell library contained the following spells:

 Spells                   Type           Power        Failure   Level  Hunger
 Sticks to Snakes         Tmut           #.......     17%         2    ###....
 Spider Form              Tmut/Pois      #.........   45%         3    ####...
 Ice Form                 Ice/Tmut       #.......     86%         4    #####..
 Blade Hands              Tmut           #.........   97%         5    ######.


Dungeon Overview and Level Annotations

Branches:
Dungeon (1/15)

Altars:


Innate Abilities, Weirdness & Mutations

Your plain brown scales are hard. (AC +4)
You cannot fit into any form of body armour.
You are cold-blooded and may be slowed by cold attacks.
You have claws for feet.


Message History

You hit the hobgoblin but do no damage.
The hobgoblin is lightly wounded.
The hobgoblin hits you but does no damage.
You hit the hobgoblin.
You claw the hobgoblin, but do no damage.
The hobgoblin is severely wounded.
The hobgoblin hits you with a +0 club.
You are too injured to fight recklessly!
You are too injured to fight recklessly!
You are too injured to fight recklessly!
You are too injured to fight recklessly!
Casting: Beastly Appendage (safe; 11% risk of failure)
Confirm with . or Enter, or press ? or * to list all spells.
You extend your transformation's duration.
The hobgoblin hits you with a +0 club.
* * * LOW HITPOINT WARNING * * *
You hit the hobgoblin. Your kick misses the hobgoblin.
The hobgoblin is almost dead.
The hobgoblin hits you with a +0 club.
You die...

####.#...##.#... ...
...............## ...
................ #.# #.....##
.#.# #.# #####.##...# ...# #
#.# ..........g# #..# .# #.#
#######....###..###.# #.#
#..........##........
#.###.####....gg@.....#.#.#
............#.###.#.#.#.#.#
..#..#.###..#.#......)#.#.# .#
..#.........#.#.#.##..#.#.# .#
..#....##...#(#.#.....#.#.# #.#
..#.#.........#....)....#.# #.#
#.#....####.####....#.#.#.# #.#
..#.................#.#.#.###.#
..#.#...............#.#.......#


You could see 2 hobgoblins.

Vanquished Creatures
  2 goblins (D:1)
  A rat (D:1)
3 creatures vanquished.

Notes
Turn   | Place    | Note
-------+----------+-------------------------------------------
     0 | D:1      | 15 the Draconian Transmuter began the quest for the Orb.
     0 | D:1      | Reached XP level 1. HP: 16/16 MP: 3/3
   301 | D:1      | Slain by a hobgoblin

Levels and vault maps discovered:
D:1:      nagdon_arrival_zigzag_paths, layout_basic

Action                   || total
-------------------------++-------
Melee: Unarmed           ||    11
       Kick              ||     3
       Tailslap          ||     2
 Cast: Beastly Appendage ||     4
Armor: Skin              ||     2
Dodge: Dodged            ||     2

Table legend:
 A = Non-vault XP
 B = Vault XP
 C = Vault XP percentage of total XP
 D = Non-vault monster count
 E = Vault monster count
 F = Vault count percentage of total count
                 A         B        C        D         E       F
            +---------+---------+-------+---------+---------+-------
      Total |       4 |       0 |   0.0 |       3 |       0 |   0.0
            +---------+---------+-------+---------+---------+-------
        D:1 |       4 |       0 |   0.0 |       3 |       0 |   0.0
            +---------+---------+-------+---------+---------+-------
